 Dungeon Crawl Stone Soup version 0.30-a0-141-g30f27751c5 (webtiles) character file.

Game seed: 2048338429360149687

77 qw the Chopper (level 4, -3/28 HPs)
             Began as a Gargoyle Fighter on Sept 25, 2022.
             Slain by a gnoll
             ... wielding a +0 halberd
              (8 damage)
             ... on level 3 of the Dungeon.
             The game lasted 00:00:49 (2159 turns).

qw the Chopper (Gargoyle Fighter)                   Turns: 2159, Time: 00:00:49

Health: -3/28      AC: 15    Str: 20 (22) XL:     4   Next: 33%
Magic:  4/4        EV:  7    Int:  5 (8)  God:
Gold:   156        SH:  3    Dex:  2 (5)  Spells: 3/3 levels left

rFire   + . .      SeeInvis +    Y - +0 war axe
rCold   . . .      Faith    .    c - +0 buckler
rNeg    + . .      Spirit   .    m - +0 chain mail
rPois   inf        Reflect  .    (no helmet)
rElec   +          Harm     .    a - +2 cloak of Purpose {rF+ Will++ Dex-4 SInv}
rCorr   .          Rampage  .    (no gloves)
Will    ++...                    (no boots)
Stlth   ..........               (no amulet)
HPRegen 0.09/turn                (no ring)
MPRegen 0.09/turn                (no ring)

@: no status effects
A: sickness immunity, AC +3, negative energy resistance 1, electricity
resistance, torment resistance 1, petrification resistance
a: no special abilities


You were on level 3 of the Dungeon.
You visited 1 branch of the dungeon, and saw 3 of its levels.

You collected 156 gold pieces.


Innate Abilities, Weirdness & Mutations

You are immune to sickness and miasma.
Your stone body is resilient. (AC +3)
You are immune to poison.
You resist negative energy. (rN+)
You are resistant to electric shocks. (rElec)
You are resistant to unholy torment.
You are immune to petrification.


   Skills:
 - Level 3.2 Fighting
 + Level 4.0 Axes
 - Level 3.2 Armour
 - Level 3.2 Shields


You had 3 spell levels left.
You didn't know any spells.
Your spell library was empty.

Inventory:

Hand Weapons
 g - a +0 flail
 Y - a +0 war axe (weapon)
Armour
 a - the +2 cloak of Purpose (worn) {rF+ Will++ Dex-4 SInv}
   (You acquired it on level 1 of the Dungeon)

   Dex:       It affects your dexterity (-4).
   rF:        It protects you from fire.
   SInv:      It lets you see invisible.
   Will:      It greatly increases your willpower.
 c - a +0 buckler (worn)
 m - a +0 chain mail (worn)
Jewellery
 j - a ring of fire
Scrolls
 e - a scroll of identify
 h - a scroll of enchant armour
Potions
 d - a potion of might
 i - a potion of curing {unknown}
 k - a potion of flight {unknown}

Dungeon Overview and Level Annotations

Branches:
Dungeon (3/15)

Altars:


Message History

2151 ||| Stepping ~*~*~tactically~*~*~ (hiding).
A ball python comes into view.
A goblin and a gnoll come into view.
The goblin shouts!
The ball python hisses angrily.
The gnoll hits you from afar with a +0 spear.
A quokka comes into view.
The gnoll moves out of view.
The gnoll hits you with a +0 spear.
You closely miss the gnoll. The gnoll hits you but does no damage.
A gnoll comes into view. It is wielding a +0 flail.
The gnoll hits you from afar with a +0 halberd!
The gnoll shouts!
You hit the gnoll.
The gnoll is moderately wounded.
You closely miss the ball python. The ball python bites you.
The ball python grabs you. The ball python constricts you.
The gnoll hits you with a +0 spear.
The gnoll hits you from afar with a +0 halberd.
The ball python barely misses you. The ball python constricts you.
The gnoll hits you from afar with a +0 halberd.
The gnoll hits you but does no damage.
You hit the ball python.
You kill the ball python!
You closely miss the gnoll. The gnoll hits you with a +0 spear.
The gnoll hits you from afar with a +0 halberd.
The quokka bites you but does no damage.
You closely miss the gnoll.
The gnoll is moderately wounded.
You barely miss the quokka.
The quokka bites you but does no damage.
The gnoll barely misses you.
The gnoll hits you from afar with a +0 halberd.
The quokka bites you but does no damage.
You closely miss the gnoll.
The gnoll is moderately wounded.
You closely miss the quokka.
The gnoll hits you from afar with a +0 halberd!
You die...

#.....# ..... #.....###
..... #####.... .....#
##### ......# .......
....g.g .# ......r#####
.#
.....gg@...######.######
##########..............
###.........###
##........# #
#........###
#........##.
#........#..
#........#.#
#####....#.#


You could see 3 gnolls, a quokka and a goblin.

Vanquished Creatures
  2 adders (D:2)
  A dart slug (D:1)
  3 orcs (D:3)
  7 ball pythons
  3 endoplasms (D:1)
  A giant cockroach (D:1)
  7 hobgoblins
  6 quokkas
  5 bats
  A frilled lizard (D:1)
  6 goblins
  3 kobolds (D:1)
  3 rats
48 creatures vanquished.

Notes
Turn   | Place    | Note
-------+----------+-------------------------------------------
     0 | D:1      | qw the Gargoyle Fighter began the quest for the Orb.
     0 | D:1      | Reached XP level 1. HP: 14/14 MP: 1/1
     0 | D:1      | 0 ||| qw: Version: 0.2-a-10-g399e6c4
     0 | D:1      | 0 ||| qw: Game counter: 350
     0 | D:1      | 0 ||| qw: Always use a shield: true
     0 | D:1      | 0 ||| qw: God list: Okawaru
     0 | D:1      | 0 ||| qw: Allow faded altars: false
     0 | D:1      | 0 ||| qw: Do Orc after D:15 true
     0 | D:1      | 0 ||| qw: Do second Lair branch before Depths: true
     0 | D:1      | 0 ||| qw: Lair rune preference: random
     0 | D:1      | 0 ||| qw: Plans: Normal, Zot:1-4, God:TSO, Crypt, Tomb,
                  | Pan, Slime:5, Hells, Abyss, Orb
     0 | D:1      | 0 ||| PLANNING D:1-11
   118 | D:1      | Reached skill level 2 in Axes
   228 | D:1      | 228 ||| Stepping ~*~*~tactically~*~*~ (stealth).
   269 | D:1      | Reached XP level 2. HP: 19/19 MP: 2/2
   323 | D:1      | 323 ||| Stepping ~*~*~tactically~*~*~ (stealth).
   330 | D:1      | 330 ||| Stepping ~*~*~tactically~*~*~ (stealth).
   333 | D:1      | 333 ||| Stepping ~*~*~tactically~*~*~ (stealth).
   352 | D:1      | 352 ||| Stepping ~*~*~tactically~*~*~ (hiding).
   480 | D:1      | Reached skill level 3 in Axes
   650 | D:1      | Reached XP level 3. HP: 23/23 MP: 3/3
   888 | D:1      | 888 ||| READING scroll labelled CIMEIT FEJONKO.
   889 | D:1      | 889 ||| READING scroll labelled LIVOTUUFOR.
   889 | D:1      | Identified a scroll of acquirement
   889 | D:1      | 889 ||| ACQUIRING +2 cloak of Purpose {rF+ Will++ Dex-4
                  | SInv}
   889 | D:1      | Acquired the +2 cloak of Purpose {rF+ Will++ Dex-4 SInv}
   891 | D:1      | 891 ||| UPGRADING to +2 cloak of Purpose {rF+ Will++ Dex-4
                  | SInv}.
   896 | D:1      | 896 ||| READING scroll labelled XIRROZ MAGUPHOI.
   897 | D:1      | 897 ||| DRINKING 2 metallic puce potions.
   898 | D:1      | 898 ||| DROPPING potion of degeneration.
   934 | D:2      | 934 ||| STAIRDANCE
  1057 | D:2      | 1057 ||| DROPPING +0 club.
  1171 | D:2      | Found a faded altar of an unknown god.
  1303 | D:2      | Identified the +1 leather armour "Hyas Heef" {Int+2}
  1331 | D:2      | Identified the +3 robe "Oqiuck" {-Tele Contam Rampage
                  | rPois}
  1375 | D:2      | Reached XP level 4. HP: 27/28 MP: 4/4
  1376 | D:2      | 1376 ||| Stepping ~*~*~tactically~*~*~ (stealth).
  1378 | D:2      | 1378 ||| Stepping ~*~*~tactically~*~*~ (stealth).
  1831 | D:2      | 1831 ||| DROPPING +1 leather armour "Hyas Heef" {Int+2}.
  1832 | D:2      | 1832 ||| UPGRADING to +0 chain mail.
  1842 | D:2      | 1842 ||| DROPPING +0 scale mail.
  1843 | D:2      | 1843 ||| DROPPING amulet of magic regeneration.
  1844 | D:2      | 1844 ||| READING 2 scrolls labelled JYONKA ETAVVO.
  1845 | D:2      | 1845 ||| READING scroll labelled ANIEZA YNERCHEI.
  1894 | D:2      | 1894 ||| STAIRDANCE
  1949 | D:3      | 1949 ||| Stepping ~*~*~tactically~*~*~ (stealth).
  1964 | D:3      | Reached skill level 4 in Axes
  2048 | D:3      | 2048 ||| DROPPING +0 mace.
  2149 | D:3      | 2149 ||| Stepping ~*~*~tactically~*~*~ (hiding).
  2151 | D:3      | 2151 ||| Stepping ~*~*~tactically~*~*~ (hiding).
  2158 | D:3      | HP: 5/28 [gnoll/+0 halberd (4)]
  2159 | D:3      | Slain by a gnoll

Levels and vault maps discovered:
D:1:      tarquinn_simple_flora_water_b, layout_basic, serial_bayou_pond_e
D:2:      layout_basic, hellmonk_ecumenical_altar_run_dry
D:3:      layout_basic, mainiacjoe_overflow_catwalk, uniq_terence, uniq_sigmund

Skill      XL: |  1  2  3  4 |
---------------+-------------+-----
Axes           | 2 3 4 |  4.0
Fighting       | |  3.2
Armour         | |  3.2
Shields        | |  3.2

Action                   |  1- 3 |  4- 6 || total
-------------------------+-------+-------++-------
Melee: War axe           |   126 |    45 ||   171
Throw: Boomerang         |       |     4 ||     4
  Use: Scroll            |     3 |     2 ||     5
       Potion            |     1 |       ||     1
Armor: Scale mail        |    76 |     8 ||    84
       Chain mail        |       |    18 ||    18
Dodge: Dodged            |    61 |    19 ||    80
Block: Buckler           |    17 |     6 ||    23

Table legend:
 A = Non-vault XP
 B = Vault XP
 C = Vault XP percentage of total XP
 D = Non-vault monster count
 E = Vault monster count
 F = Vault count percentage of total count
                 A         B        C        D         E       F
            +---------+---------+-------+---------+---------+-------
      Total |     110 |       0 |   0.0 |      48 |       0 |   0.0
            +---------+---------+-------+---------+---------+-------
        D:1 |      46 |       0 |   0.0 |      26 |       0 |   0.0
        D:2 |      49 |       0 |   0.0 |      15 |       0 |   0.0
        D:3 |      15 |       0 |   0.0 |       7 |       0 |   0.0
            +---------+---------+-------+---------+---------+-------
